Map: Acid Plant LE

Players

SpaceMarine - Winner!

  • Race: Terran Terran
  • League: Diamond
  • Spawn Location: 11:00

Dubee

  • Race: Terran Terran
  • League: Master
  • Spawn Location: 5:00

VOD

Have the link to the VOD?

Description

personal use

Time

  • Played on: July 10, 2018, 4:55 p.m.
  • Length: 5:43
Show
View Real Time Build Order
Export as new Build Order

SpaceMarine Terran - Winner!

Build Orders: Cyclone Opening, Reaper Expand 

Get SALT Encoding   

  12  0:01  SCV  
  13  0:13  SCV  
  14  0:17  Supply Depot  
  14  0:25  SCV  
  15  0:29  Refinery  
  15  0:38  SCV  
  16  0:45  Barracks  
  16  0:53  SCV  
  17  1:05  SCV  
  18  1:17  SCV  
  19  1:31  Orbital Command  
  19  1:32  Reaper  
  20  1:47  Command Center  
  20  1:57  SCV  
  21  2:03  Factory  
  21  2:08  Barracks Reactor  
  21  2:15  Supply Depot, SCV  
  22  2:20  Refinery  
  22  2:32  SCV  
  23  2:48  SCV  
  24  2:52  Cyclone  
  27  3:00  Orbital Command  
  27  3:01  SCV  
  27  3:03  Cyclone  
  31  3:19  SCV  
  32  3:24  Cyclone  
  35  3:30  Supply Depot  
  35  3:35  Command Center  
  35  3:42  Cyclone  
  35  3:45  SCV  
  35  3:46  SCV  
  40  3:59  Cyclone  
  40  4:02  SCV x2  
  44  4:12  Refinery  
  44  4:14  SCV x2  
  46  4:26  SCV, Cyclone  
  46  4:29  SCV  
  51  4:32  Hellion  
  51  4:36  Supply Depot  
  54  4:38  SCV  
  54  4:40  Refinery  
  54  4:47  SCV  
  52  4:58  SCV  
  52  4:59  Orbital Command  
  44  5:00  Cyclone  
  44  5:01  Cyclone  
  44  5:02  SCV  
  51  5:10  SCV  
  52  5:14  Factory, SCV, Barracks Tech Lab  
  52  5:15  Factory  
  53  5:23  SCV  
  54  5:29  SCV  
  54  5:33  Armory  
  55  5:38  Barracks Tech Lab  
Show
View Real Time Build Order
Export as new Build Order

Dubee Terran 

Build Orders: Cyclone Opening 

Get SALT Encoding   

  12  0:02  SCV  
  13  0:14  SCV  
  13  0:18  Supply Depot  
  14  0:27  SCV  
  15  0:28  Refinery  
  15  0:40  SCV  
  16  0:45  Barracks  
  16  0:52  SCV  
  16  0:56  Refinery  
  17  1:04  SCV  
  18  1:16  SCV  
  19  1:31  Orbital Command  
  19  1:34  Factory  
  19  1:38  Reaper  
  20  1:47  Supply Depot  
  20  1:56  SCV  
  21  2:10  Reaper  
  21  2:15  SCV  
  23  2:23  Command Center  
  25  2:30  Hellion  
  25  2:32  SCV  
  26  2:43  Supply Depot  
  26  2:47  SCV  
  30  2:51  Cyclone  
  30  2:59  SCV  
  30  3:04  Starport  
  31  3:06  Barracks Tech Lab  
  31  3:12  Supply Depot  
  31  3:15  SCV  
  32  3:27  Factory Tech Lab  
  32  3:28  SCV  
  33  3:35  Orbital Command, Refinery  
  33  3:47  Raven  
  35  3:52  Marine  
  36  3:57  Supply Depot  
  36  3:58  SCV  
  36  4:01  Siege Tank  
  41  4:02  SCV  
  41  4:11  SCV  
  42  4:19  SCV  
  43  4:25  Command Center  
  43  4:28  SCV  
  44  4:33  Siege Tank  
  44  4:36  SCV  
  48  4:39  Marine  
  48  4:42  SCV  
  50  4:48  SCV  
  48  4:58  SCV  
  48  5:00  Marine  
  48  5:03  Starport Reactor  
  48  5:04  SCV  
  48  5:05  Barracks x2  
  50  5:09  Refinery  
  50  5:12  SCV  
  54  5:16  SCV  
  55  5:23  Engineering Bay  
  55  5:25  SCV  
  55  5:26  Engineering Bay  
  56  5:28  SCV  
Tags
 
Add a new tag
Caveats
  • Supply blocks, unpowered buildings, or Contaminate may cause inaccurate times.
  • Supply counts are checked every 10 seconds.